 Dungeon Crawl Stone Soup version 0.27-a0-1291-geefcff550b (webtiles) character file.

Game seed: 6216314526113018627

391 Shayle the Insei (level 6, -2/48 HPs)
             Began as a Demonspawn Monk on June 15, 2021.
             Succumbed to a scorpion's poison
             ... on level 4 of the Dungeon.
             The game lasted 00:08:21 (4454 turns).

Shayle the Insei (Demonspawn Monk)                  Turns: 4454, Time: 00:08:22

Health: -2/48      AC:  6    Str: 12    XL:     6   Next: 50%
Magic:  9/9        EV: 13    Int: 12    God:
Gold:   148        SH:  0    Dex: 16    Spells: 9/9 levels left

rFire    . . .     SeeInvis .     - Unarmed
rCold    . . .     Faith    .   (no shield)
rNeg     . . .     Spirit   .   a - +0 robe
rPois    .         Reflect  .   f - +0 helmet
rElec    .         Harm     .   (no cloak)
rCorr    .         Rampage  .   (no gloves)
Will     .....                  g - +0 pair of boots
Stlth    ++........             (no amulet)
HPRegen  0.16/turn              (no ring)
MPRegen  0.11/turn              (no ring)

@: brilliant, lethally poisoned (-2 -> -17)
A: thin metallic scales 1, ignite blood 2, powered by death 1
a: no special abilities


You were on level 4 of the Dungeon.
You visited 1 branch of the dungeon, and saw 4 of its levels.

You collected 148 gold pieces.

Inventory:

Missiles
 j - 4 atropa-tipped darts (quivered)
Armour
 a - a +0 robe (worn)
 f - a +0 helmet (worn)
 g - a +0 pair of boots (worn)
Magical Staves
 e - a staff of earth
Jewellery
 k - an amulet of faith
Wands
 b - a wand of digging (7)
 i - a wand of flame (20)
Potions
 c - a potion of cancellation {unknown}
 d - 2 potions of resistance
 h - a potion of brilliance


   Skills:
 + Level 3.9 Fighting
 + Level 2.2 Armour
 + Level 3.4 Dodging
 - Level 1.7 Stealth
 * Level 4.2 Unarmed Combat
 + Level 2.0 Spellcasting
 + Level 2.5 Invocations


You had 9 spell levels left.
You didn't know any spells.
Your spell library was empty.

Dungeon Overview and Level Annotations

Branches:
Dungeon (4/15)
 Temple: D:4-7

Altars:
Cheibriados

Shops:
D:1 [   D:4 !


Innate Abilities, Weirdness & Mutations

You are partially covered in thin metallic scales. (AC +2)
Your demonic aura often causes spilled blood to erupt in flames.
You regenerate a little health from kills.


Message History

The scorpion stings you.
You are poisoned.
The scorpion poisons you!
You barely miss the scorpion.
The scorpion is severely wounded.
You feel sick.
The scorpion stings you but does no damage.
You hit the scorpion but do no damage.
The scorpion is severely wounded.
You feel sick. The scorpion misses you.
You hit the scorpion but do no damage.
The scorpion is severely wounded.
You feel sick. The scorpion completely misses you.
You hit the scorpion but do no damage.
The scorpion is severely wounded.
You feel sick. The scorpion stings you.
You are more poisoned.
The scorpion poisons you!
You hit the scorpion but do no damage.
The scorpion is severely wounded.
You feel very sick. The scorpion stings you.
You closely miss the scorpion.
The scorpion is heavily wounded.
You feel very sick. The scorpion stings you!
You hit the scorpion but do no damage.
The scorpion is heavily wounded.
You feel sick. The scorpion stings you.
* * * LOW HITPOINT WARNING * * *
* * * LOW HITPOINT WARNING * * *
You feel very sick. The scorpion stings you.
* * * LOW HITPOINT WARNING * * *
You are more poisoned.
The scorpion poisons you!
Unknown command.
It was a potion of brilliance.
You feel clever all of a sudden.
You die...

## ##.# ##### #... ###
#.... #...(+.# #####.###
#....#.### #...#.###
###.......########.#......
...................>....#.
....#.#..@.....###.#..#.#.
... #.#.s○####†###.#..#.#.
. ..........(....#........
.##.#.#.##.#........#.#.
#.#.#.######.###..#.#.
#.#.#.. #.# #..#.#.
##.#.#### ..# #....#.
+..#.## #.## ##.###.
#..#.. #. #...#.


You could see a scorpion.

Vanquished Creatures
  A sky beast (D:2)
  An ogre (D:4)
  A water moccasin skeleton (D:4)
  A hound (D:4)
  An iguana (D:4)
  4 adders
  A worm (D:2)
  A dart slug (D:2)
  9 orcs
  5 ball pythons
  4 endoplasms
  4 giant cockroaches
  4 goblins
  4 hobgoblins
  3 jackals (D:2)
  7 kobolds
  4 quokkas
  4 bats
  4 frilled lizards
  3 rats
66 creatures vanquished.

Notes
Turn   | Place    | Note
-------+----------+-------------------------------------------
     0 | D:1      | Shayle the Demonspawn Monk began the quest for the Orb.
     0 | D:1      | Reached XP level 1. HP: 18/18 MP: 1/1
   224 | D:1      | Found Jabuxzor's Armour Emporium.
   439 | D:1      | Gained mutation: Your demonic aura sometimes causes spilled
                  | blood to erupt in flames. [demonic ancestry]
   439 | D:1      | Reached XP level 2. HP: 18/24 MP: 2/2
   723 | D:1      | Reached skill level 3 in Unarmed Combat
  1450 | D:2      | Found a faded altar of an unknown god.
  1817 | D:2      | Gained mutation: You are partially covered in thin metallic
                  | scales. (AC +2) [demonic ancestry]
  1817 | D:2      | Reached XP level 3. HP: 26/29 MP: 3/3
  2695 | D:3      | Noticed a sky beast
  2709 | D:2      | Killed a sky beast
  2710 | D:2      | Reached skill level 1 in Armour
  2710 | D:2      | Reached skill level 1 in Spellcasting
  2710 | D:2      | Reached skill level 1 in Invocations
  2710 | D:2      | Reached XP level 4. HP: 16/35 MP: 5/5
  2710 | D:2      | Gained mutation: Your demonic aura often causes spilled
                  | blood to erupt in flames. [demonic ancestry]
  2710 | D:2      | Reached XP level 5. HP: 19/41 MP: 6/6
  3582 | D:4      | Noticed an ogre
  3648 | D:4      | Reached skill level 4 in Unarmed Combat
  3648 | D:4      | Gained mutation: You regenerate a little health from kills.
                  | [demonic ancestry]
  3648 | D:4      | Reached XP level 6. HP: 5/48 MP: 8/8
  4057 | D:4      | Found a snail-covered altar of Cheibriados.
  4267 | D:4      | Found Apyemn's Distillery.
  4453 | D:4      | HP: 1/48 [scorpion (4)]
  4454 | D:4      | Succumbed to a scorpion's poison

Illustrated notes

Levels and vault maps discovered:
D:1:      eino_arrival_cavern_d, layout_basic, serial_shops, shop
D:2:      layout_loops_corners, hellmonk_ecumenical_altar_blasted
D:3:      layout_rooms, bloody_makhleb
D:4:      layout_basic, cheibriados_altar_1, serial_shops, shop,
          minmay_door_square, grunt_decor_arrowhead

Skill      XL: |  1  2  3  4  5  6 |
---------------+-------------------+-----
Unarmed Combat | 3 4 |  4.2
Armour         | 1 2 |  2.2
Dodging        | 3 |  3.4
Spellcasting   | 1 2 |  2.0
Invocations    | 1 2 |  2.5
Fighting       | |  3.9
Stealth        | |  1.7

Action                   |  1- 3 |  4- 6 || total
-------------------------+-------+-------++-------
Melee: Unarmed           |   157 |   171 ||   328
       Punch             |     1 |     2 ||     3
  Use: Scroll            |     4 |     5 ||     9
       Potion            |     1 |     3 ||     4
 Stab: Sleeping          |     4 |     1 ||     5
Armor: Robe              |    22 |    49 ||    71
       Skin              |     1 |       ||     1
Dodge: Dodged            |   105 |   113 ||   218

Table legend: (Time is in decaauts)
 A = Elapsed time spent in this place.
 B = Non-inter-level travel time spent in this place.
 C = Inter-level travel time spent in this place.
 D = Time resting spent in this place.
 E = Time spent auto-exploring this place.
 F = Levels seen in this place.
 G = Mean time per level.
                   A        B        C        D        E       F      G
               +--------+--------+--------+--------+--------+-----+--------+
         Total |   4432 |   4374 |     58 |   1285 |   2133 |   4 | 1108.0 |
       Dungeon |   4432 |   4374 |     58 |   1285 |   2133 |   4 | 1108.0 |
               +--------+--------+--------+--------+--------+-----+--------+

Top non-repeatable levels by time:
     D:2: 1507 daAuts
     D:1: 1401 daAuts
     D:4: 1030 daAuts
     D:3: 493 daAuts
